 Dungeon Crawl Stone Soup version 0.21.1-1-g345015f (webtiles) character file.

77 Zachthehappycat the Gusty (level 4, 0/24 HPs)
             Began as a Tengu Air Elementalist on July 5, 2018.
             Slain by an adder (2 damage)
             ... on level 2 of the Dungeon.
             The game lasted 00:08:16 (1702 turns).

Zachthehappycat the Gusty (Tengu Air Elementalist)  Turns: 1702, Time: 00:08:17

Health: 0/24       AC:  4    Str:  5 (8)  XL:     4   Next: 34%
Magic:  4/8        EV: 13    Int: 15 (17) God:
Gold:   84         SH:  0    Dex: 12 (14) Spells: 7/8 levels left

rFire    . . .     SeeInvis .   (no weapon)
rCold    . . .     Gourm    .   (no shield)
rNeg     . . .     Faith    .   a - +0 robe
rPois    .         Spirit   .   (helmet restricted)
rElec    .         Reflect  .   (no cloak)
rCorr    .         Harm     .   g - +1 pair of gloves
MR       .....                  (boots unavailable)
Stlth    ++........             (no amulet)
HPRegen  0.08/turn              (no ring)
MPRegen  0.11/turn              (no ring)

@: no status effects
A: beak, talons 3
a: no special abilities


You were on level 2 of the Dungeon.
You were not hungry.

You visited 1 branch of the dungeon, and saw 2 of its levels.

You collected 84 gold pieces.

Inventory:

Armour
 a - a +0 robe (worn)
 g - a +1 pair of gloves (worn)
Jewellery
 i - an uncursed amulet of guardian spirit {unknown}
Scrolls
 e - a scroll of magic mapping {unknown}
 f - 4 scrolls of identify {unknown}
Books
 b - a book of Air

   Spells                             Type                      Level
   a - Shock                          Conjuration/Air              1
   b - Swiftness                      Charms/Air                   2
   c - Static Discharge               Conjuration/Air              3
   d - Airstrike                      Air                          4
   e - Lightning Bolt                 Conjuration/Air              5
Comestibles
 c - 6 rations


   Skills:
 + Level 2.9 Dodging
 + Level 2.7 Stealth
 + Level 2.5 Spellcasting
 + Level 2.6 Conjurations
 + Level 4.6 Air Magic


You had 7 spell levels left.
You knew the following spells:

 Your Spells              Type           Power        Failure   Level  Hunger
a - Shock                 Conj/Air       ##..         4%          1    #......


Dungeon Overview and Level Annotations

Branches:
Dungeon (2/15)

Altars:


Innate Abilities, Weirdness & Mutations

You have a beak for a mouth.
You have claws for feet.


Message History

* * * LOW HITPOINT WARNING * * *
The crimson imp hits you.
* * * LOW HITPOINT WARNING * * *
As you read the scroll labeled EXEMOZUKLU, it crumbles to dust.
You feel strangely unstable.
It was a scroll of teleportation.
The crimson imp hits you.
* * * LOW HITPOINT WARNING * * *
Okay, then.
The crimson imp closely misses you.
Your surroundings suddenly seem different.
Found 18 gold pieces.
A rat and a goblin come into view.
Found 11 gold pieces.
Your magical contamination has completely faded away.
You see here 18 gold pieces.
You now have 84 gold pieces (gained 18).
The adder hisses angrily.
The adder closely misses you. The adder bites you.
You die...

######..### #...........##
######............# #
####......#########.#####
..........## #...#..
#.........# #######....
#.........####..........
#..............######.##
#.....S@...##### ##..#
#.........#### ###..###
.....#
##....r......####....รทรท.
.....$##
#r........##........###.
.......#
#..r..........(...### #.
.......#
#.........#.#####.#####.
.....r.###...........#
#.......
.......##..........###
####....
..........#.......## #....


You could see an adder and 3 rats.

Vanquished Creatures
  3 adders (D:2)
  3 dart slugs
  A leopard gecko (D:1)
  2 bats
  4 giant cockroaches
  4 goblins
  5 hobgoblins
  3 jackals (D:2)
  6 kobolds
  A quokka (D:2)
  2 frilled lizards
  6 rats
40 creatures vanquished.

Notes
Turn   | Place    | Note
-------+----------+-------------------------------------------
     0 | D:1      | Zachthehappycat the Tengu Air Elementalist began the quest for the Orb.
     0 | D:1      | Reached XP level 1. HP: 10/10 MP: 4/4
   201 | D:1      | Reached XP level 2. HP: 15/15 MP: 0/6
   531 | D:1      | Reached XP level 3. HP: 8/19 MP: 2/7
  1320 | D:2      | Reached XP level 4. HP: 24/24 MP: 1/8
  1686 | D:2      | HP: 1/24 [crimson imp (1)]
  1702 | D:2      | Slain by an adder

Skill      XL: |  1  2 |
---------------+-------+-----
Conjurations   | 2 |  2.6
Dodging        | |  2.9
Stealth        | |  2.7
Spellcasting   | |  2.5
Air Magic      | |  4.6

Action                   |  1- 3 |  4- 6 || total
-------------------------+-------+-------++-------
Melee: Unarmed           |    27 |    91 ||   118
       Kick              |     9 |    15 ||    24
       Peck              |     3 |     6 ||     9
 Cast: Shock             |    61 |    37 ||    98
  Use: Potion            |     2 |     2 ||     4
       Scroll            |       |     3 ||     3
 Stab: Sleeping          |     1 |       ||     1
  Eat: Chunk             |     2 |     2 ||     4
Armor: Robe              |    11 |    21 ||    32
Dodge: Dodged            |    41 |    79 ||   120
